Cogmind - Beta 9.4 @@@ ROGUE MODE // 2020.01.09 @ 03:56:09 // Winter2019/RPGLIKE Player: PyroDawn Result: Destroyed by Y-72 Warden with Quantum Rifle Performance ------------- Evolutions (7) 3500 Regions Visited (9) 1800 Robots Destroyed (0) 0 Value Destroyed (10) 10 Prototype IDs (27) 540 Alien Tech Used (0) 0 Bonus (4085) 4085 TOTAL SCORE: 9935 Bonus ------- Pacifist 4085 Cogmind --------- Core Integrity 0/1950 Matter 234/300 Energy 97/170 System Corruption 0% Temperature Cool (13) Movement Flying (32) Location -3/Armory Parts ------- > --- POWER (1) -------- Light Antimatter Reactor > --- PROPULSION (2) --- Cooled VTOL Module Electron Diverter > --- UTILITY (6) ------ Long-range Sensor Array Advanced Signal Interpreter Stasis Canceller Advanced ECM Suite Reaction Control System Hacking Suite > --- WEAPON (1) ------- Enhanced Force Lance > --- INVENTORY (0) ---- (None) Peak State ------------ > --- POWER ------------ Light Antimatter Reactor > --- PROPULSION ------- Cooled VTOL Module Electron Diverter > --- UTILITY ---------- Long-range Sensor Array Advanced Signal Interpreter Stasis Canceller Advanced ECM Suite Reaction Control System Hacking Suite > --- WEAPON ----------- Enhanced Force Lance > --- INVENTORY -------- (None) [Rating: 59] Favorites ----------- Power Micro Nuclear Core Engine Light Ion Engine Power Core Micro Nuclear Core Reactor Light Antimatter Reactor Propulsion Cooled VTOL Module Flight Unit Cooled VTOL Module Utility Advanced Signal Interpreter Device Long-range Sensor Array Processor Advanced Signal Interpreter Hackware Hacking Suite Weapon Spear Special Weapon Mining Laser Impact Weapon Power Maul Slashing Weapon Power Sword Piercing Weapon Spear Build | -11 -10 -9 -8 -7 -6 -5 -4 -3 -3 ------- Run | Scr Mat Mat Mat Fac Fac Fac Fac Res Arm Slots Evolved 6 | . . . 2 . 1 1 . 2 . Power . | . . . . . . . . . . Propulsion 1 | . . . . . . . . 1 . Utility 5 | . . . 2 . 1 1 . 1 . Weapon . | . . . . . . . . . . Parts Attached 31 | 1 . 2 5 4 4 1 2 6 6 Power 4 | 1 . . . 1 . . 1 1 . Engine 1 | 1 . . . . . . . . . Core 2 | . . . . 1 . . 1 . . Reactor 1 | . . . . . . . . 1 . Propulsion 4 | . . . 1 1 . . . 2 . Treads . | . . . . . . . . . . Leg . | . . . . . . . . . . Wheel . | . . . . . . . . . . Hover . | . . . . . . . . . . Flight 4 | . . . 1 1 . . . 2 . Utility 18 | . . 1 3 1 4 1 1 3 4 Device 15 | . . 1 1 1 3 1 1 3 4 Storage . | . . . . . . . . . . Processor 1 | . . . 1 . . . . . . Hackware 2 | . . . 1 . 1 . . . . Protection . | . . . . . . . . . . Artifact . | . . . . . . . . . . Weapon 5 | . . 1 1 1 . . . . 2 Energy Gun . | . . . . . . . . . . Energy Cannon . | . . . . . . . . . . Ballistic Gun . | . . . . . . . . . . Ballistic Cannon . | . . . . . . . . . . Launcher . | . . . . . . . . . . Special Weapon 1 | . . 1 . . . . . . . Impact Weapon 1 | . . . 1 . . . . . . Slashing Weapon 1 | . . . . . . . . . 1 Piercing Weapon 2 | . . . . 1 . . . . 1 Special Melee Weapon . | . . . . . . . . . . Unidentified Prototypes 7 | . . . . 1 1 . . 2 3 Parts Lost 1 | . . . . . . . . . 1 Power . | . . . . . . . . . . Propulsion . | . . . . . . . . . . Utility 1 | . . . . . . . . . 1 Weapon . | . . . . . . . . . . Highest Loss Streak 1 | . . . . . . . . . 1 Average Slot Usage (%) 93 | . 25 33 89 98 100 100 100 100 97 Engine 4 | . 25 25 23 6 . . . . . Core 8 | . . . . 8 14 13 12 11 . Reactor 1 | . . . . . . . . . 10 Flight 13 | . . . 13 16 14 13 12 13 20 Device 26 | . . 4 23 16 16 30 37 37 37 Processor 11 | . . . 2 16 14 13 12 11 10 Hackware 12 | . . . 2 16 22 13 12 11 10 Special Weapon 1 | . . 4 17 . . . . . . Piercing Weapon 10 | . . . . 13 14 13 12 11 8 Naked Turns . | . . . . . . . . . . Heaviest Build 32 | 3 3 5 7 10 11 12 15 23 32 Greatest Support 33 | 8 8 8 11 11 15 17 17 30 33 Greatest Overweight (x) 1 | . . . . . 1 . . 1 . Average Overweight (x) . | . . . . . . . . . . Largest Inventory Capacity . | . . . . . . . . . . Average Capacity . | . . . . . . . . . . Most Carried . | . . . . . . . . . . Average Carried . | . . . . . . . . . . Final Capacity . | . . . . . . . . . . Final Carried . | . . . . . . . . . . Class Distribution -------------------- 81% | Hacker-Mutant 15% | Hacker-Sprinter Dominant Class ---------------- Mutant | -10/Materials Hacker-Mutant | -9/Materials Hacker-Mutant | -8/Materials Hacker-Mutant | -7/Factory Hacker-Mutant | -6/Factory Hacker-Mutant | -5/Factory Hacker-Mutant | -4/Factory Hacker-Mutant | -3/Research Hacker-Sprinter | -3/Armory Resources | -11 -10 -9 -8 -7 -6 -5 -4 -3 -3 ----------- Run | Scr Mat Mat Mat Fac Fac Fac Fac Res Arm Matter Collected 439 | 210 . . . 110 . . . . 119 Remotely . | . . . . . . . . . . Salvage Created . | . . . . . . . . . . Parts . | . . . . . . . . . . Haulers Intercepted . | . . . . . . . . . . Recyclers Shooed . | . . . . . . . . . . Parts Field Recycled . | . . . . . . . . . . Retrieved Matter . | . . . . . . . . . . Parts Self-Destructed . | . . . . . . . . . . Prevented . | . . . . . . . . . . Kills | -11 -10 -9 -8 -7 -6 -5 -4 -3 -3 ------- Run | Scr Mat Mat Mat Fac Fac Fac Fac Res Arm Combat Hostiles Destroyed . | . . . . . . . . . . Classes Destroyed . | . . . . . . . . . . Best Kill Streak . | . . . . . . . . . . Combat Bots Only . | . . . . . . . . . . Max Kills in Single Turn . | . . . . . . . . . . Gunslinging . | . . . . . . . . . . Exploded . | . . . . . . . . . . Melee . | . . . . . . . . . . Uniques/NPCs Destroyed . | . . . . . . . . . . Combat | -11 -10 -9 -8 -7 -6 -5 -4 -3 -3 -------- Run | Scr Mat Mat Mat Fac Fac Fac Fac Res Arm Damage Taken 2226 | . . . 191 164 88 271 560 54 898 Core 1961 | . . . 162 147 84 237 501 48 782 Absorbed by Shields . | . . . . . . . . . . Redirected to Core 914 | . . . 101 62 14 120 195 20 402 Core Remaining (%) 67 | 100 100 100 73 65 56 30 19 . . Volleys Fired 1 | . . 1 . . . . . . . Largest 1 | . . 1 . . . . . . . Hottest 100 | . . 100 . . . . . . . Shots Fired 1 | . . 1 . . . . . . . Gun . | . . . . . . . . . . Cannon . | . . . . . . . . . . Launcher . | . . . . . . . . . . Special 1 | . . 1 . . . . . . . Kinetic . | . . . . . . . . . . Thermal 1 | . . 1 . . . . . . . Explosive . | . . . . . . . . . . Electromagnetic . | . . . . . . . . . . Robot Hit Streak . | . . . . . . . . . . Robot Miss Streak . | . . . . . . . . . . Penetration Max . | . . . . . . . . . . Secondary Targets . | . . . . . . . . . . Shots Hit Robots . | . . . . . . . . . . Core Hits . | . . . . . . . . . . Critical Hits . | . . . . . . . . . . Critical Kills . | . . . . . . . . . . Critical Parts Destroyed . | . . . . . . . . . . Melee Attacks 4 | . . . . . 3 . . . 1 Impact . | . . . . . . . . . . Slashing . | . . . . . . . . . . Piercing 4 | . . . . . 3 . . . 1 Sneak Attacks . | . . . . . . . . . . Combat Hostiles . | . . . . . . . . . . Follow-up Attacks . | . . . . . . . . . . Damage Inflicted . | . . . . . . . . . . Guns . | . . . . . . . . . . Cannons . | . . . . . . . . . . Explosions . | . . . . . . . . . . Melee . | . . . . . . . . . . Ramming . | . . . . . . . . . . Kinetic . | . . . . . . . . . . Thermal . | . . . . . . . . . . Explosive . | . . . . . . . . . . Electromagnetic . | . . . . . . . . . . Impact . | . . . . . . . . . . Slashing . | . . . . . . . . . . Piercing . | . . . . . . . . . . Highest Corruption 1 | . . . . . . 1 . . . Average Corruption 1 | . . . . . . 1 . . . Corruption Purged . | . . . . . . . . . . Overload Shots . | . . . . . . . . . . Overflow Damage . | . . . . . . . . . . Projectiles . | . . . . . . . . . . Explosions . | . . . . . . . . . . Melee . | . . . . . . . . . . Knockbacks . | . . . . . . . . . . Impact . | . . . . . . . . . . Kinetic . | . . . . . . . . . . Secondary . | . . . . . . . . . . Self-Inflicted Damage . | . . . . . . . . . . Shots . | . . . . . . . . . . Rammed . | . . . . . . . . . . Targets Rammed . | . . . . . . . . . . Kicked . | . . . . . . . . . . Crushed . | . . . . . . . . . . Highest Temperature 27 | . . 20 1 1 . 27 . . 19 Average Temperature 10 | . . 12 1 1 . 15 . . 10 Received Heat Transfer 387 | . . . 108 24 33 63 39 9 111 Siege Activations . | . . . . . . . . . . Robots Corrupted . | . . . . . . . . . . Combat Hostiles . | . . . . . . . . . . Parts Fried . | . . . . . . . . . . Impact Corruptions . | . . . . . . . . . . Robots Melted . | . . . . . . . . . . Combat Hostiles . | . . . . . . . . . . Parts Melted . | . . . . . . . . . . Heat Transferred . | . . . . . . . . . . Parts Sabotaged . | . . . . . . . . . . Parts Stolen . | . . . . . . . . . . Parts Stripped . | . . . . . . . . . . Power Chain Reactions . | . . . . . . . . . . Missiles Intercepted . | . . . . . . . . . . Alert | -11 -10 -9 -8 -7 -6 -5 -4 -3 -3 ------- Run | Scr Mat Mat Mat Fac Fac Fac Fac Res Arm Peak Influence 319 | . . 32 58 90 154 182 304 263 319 Average Influence 120 | . . 15 41 56 83 106 151 200 218 Maximum Alert Level 1 | . . . . . . . 1 1 1 Low Security (%) 79 | 100 100 100 100 100 100 100 74 50 33 Level 1 20 | . . . . . . . 25 49 66 Level 2 . | . . . . . . . . . . Level 3 . | . . . . . . . . . . Level 4 . | . . . . . . . . . . Level 5 . | . . . . . . . . . . High Security . | . . . . . . . . . . Max Security . | . . . . . . . . . . Squads Dispatched 10 | . . . 2 1 1 1 2 2 1 Investigation 3 | . . . . 1 . . 1 1 . Extermination . | . . . . . . . . . . Reinforcement 7 | . . . 2 . 1 1 1 1 1 Assault . | . . . . . . . . . . Garrison . | . . . . . . . . . . Intercept . | . . . . . . . . . . Construction Impeded . | . . . . . . . . . . Haulers Reinforced . | . . . . . . . . . . Stealth | -11 -10 -9 -8 -7 -6 -5 -4 -3 -3 --------- Run | Scr Mat Mat Mat Fac Fac Fac Fac Res Arm Distress Signals 6 | . . . . 1 2 . 1 . 2 Communications Jammed . | . . . . . . . . . . Distress Signals . | . . . . . . . . . . Times Spotted 129 | . . 1 5 7 10 12 35 5 54 Peak Tracking Total 31 | . . 1 5 8 7 12 14 5 31 Tactical Retreats 12 | . . . . 2 2 . 4 . 4 Traps | -11 -10 -9 -8 -7 -6 -5 -4 -3 -3 ------- Run | Scr Mat Mat Mat Fac Fac Fac Fac Res Arm Traps Triggered 2 | . . . . 1 1 . . . . Indirectly . | . . . . . . . . . . Trap Hack Attempts . | . . . . . . . . . . Triggered . | . . . . . . . . . . Disarmed . | . . . . . . . . . . Reprogrammed . | . . . . . . . . . . Reused . | . . . . . . . . . . Traps Extracted . | . . . . . . . . . . Installed . | . . . . . . . . . . Triggered . | . . . . . . . . . . Machines | -11 -10 -9 -8 -7 -6 -5 -4 -3 -3 ---------- Run | Scr Mat Mat Mat Fac Fac Fac Fac Res Arm Machines Disabled 1 | . . . . . . . . . 1 Max in Single Turn 1 | . . . . . . . . . 1 Garrison Access 1 | . . . . 1 . . . . . Machines Sabotaged . | . . . . . . . . . . Garrisons Compromised . | . . . . . . . . . . Overloaded Fab Kills . | . . . . . . . . . . Fab Network Shutdowns . | . . . . . . . . . . Hacking | -11 -10 -9 -8 -7 -6 -5 -4 -3 -3 --------- Run | Scr Mat Mat Mat Fac Fac Fac Fac Res Arm Machines Accessed 25 | . 1 2 1 4 8 2 2 3 2 Terminals 20 | . . 2 1 3 7 2 2 2 1 Fabricators 2 | . . . . . 1 . . . 1 Repair Stations . | . . . . . . . . . . Recycling Units 1 | . 1 . . . . . . . . Scanalyzers 1 | . . . . . . . . 1 . Garrison Access 1 | . . . . 1 . . . . . Total Hacks 130 | . 2 14 8 14 54 8 12 12 6 Successful 78 | . 2 8 5 4 40 2 9 6 2 Failed 52 | . . 6 3 10 14 6 3 6 4 Catastrophic 8 | . . . . 4 1 2 . . 1 Database Lockouts . | . . . . . . . . . . Manual 104 | . 1 13 8 13 47 8 6 8 . Terminals 119 | . . 14 8 13 49 8 12 10 5 Fabricators 6 | . . . . . 5 . . . 1 Repair Stations . | . . . . . . . . . . Recycling Units 2 | . 2 . . . . . . . . Scanalyzers 2 | . . . . . . . . 2 . Garrison Access 1 | . . . . 1 . . . . . Terminal Hacks 28 | . . 2 2 . 16 . 5 1 2 Record 1 | . . . . . . . . . 1 Part Schematic 5 | . . . . . 4 . . 1 . Robot Analysis 1 | . . . . . . . . . 1 Prototype ID Bank 9 | . . 1 1 . 5 . 2 . . Level Access Points 4 | . . 1 1 . 1 . 1 . . Branch Access Points 2 | . . . . . 1 . 1 . . Terminal Index 1 | . . . . . 1 . . . . Hauler Manifests 2 | . . . . . 1 . 1 . . Zone Layout 3 | . . . . . 3 . . . . Fabricator Hacks 1 | . . . . . 1 . . . . Load Schematic 1 | . . . . . 1 . . . . Repair Station Hacks . | . . . . . . . . . . Recycling Unit Hacks 1 | . 1 . . . . . . . . Report Inventory 1 | . 1 . . . . . . . . Scanalyzer . | . . . . . . . . . . Garrison Access Hacks 1 | . . . . 1 . . . . . Seal Access 1 | . . . . 1 . . . . . Unauthorized Hacks 107 | . 2 13 7 8 48 7 9 13 . Terminals 41 | . . 6 3 3 19 2 4 4 . Track 14 | . . 2 1 1 6 . 2 2 . Botnet 18 | . . 2 1 2 7 2 2 2 . Disrupt 2 | . . . . . 2 . . . . Operators 7 | . . 2 1 . 4 . . . . Fabricators 4 | . . . . . 4 . . . . Report 1 | . . . . . 1 . . . . Prioritize 1 | . . . . . 1 . . . . Siphon 1 | . . . . . 1 . . . . Haulers 1 | . . . . . 1 . . . . Repair Stations . | . . . . . . . . . . Recycling Units 1 | . 1 . . . . . . . . Reject 1 | . 1 . . . . . . . . Scanalyzers 1 | . . . . . . . . 1 . Extract 1 | . . . . . . . . 1 . Garrison Access . | . . . . . . . . . . Data Cores Recovered . | . . . . . . . . . . Used . | . . . . . . . . . . Hacking Detections 24 | . 1 2 1 3 8 2 2 3 2 Full Trace Events 2 | . . . . 1 . . 1 . . Feedback Events . | . . . . . . . . . . Feedback Blocked . | . . . . . . . . . . Robot Schematics Acquired . | . . . . . . . . . . Robots Built . | . . . . . . . . . . Matter . | . . . . . . . . . . Time . | . . . . . . . . . . Total Robot Build Rating . | . . . . . . . . . . Part Schematics Acquired 6 | . . . . . 4 . . 2 . Parts Built . | . . . . . . . . . . Matter . | . . . . . . . . . . Time . | . . . . . . . . . . Total Part Build Rating . | . . . . . . . . . . Parts Repaired . | . . . . . . . . . . Time . | . . . . . . . . . . Parts Recycled . | . . . . . . . . . . Recycled Matter . | . . . . . . . . . . Retrieved Matter . | . . . . . . . . . . Retrieved Components . | . . . . . . . . . . Parts Scanalyzed . | . . . . . . . . . . Part Schematics Acquired . | . . . . . . . . . . Parts Damaged . | . . . . . . . . . . Bothacking | -11 -10 -9 -8 -7 -6 -5 -4 -3 -3 ------------ Run | Scr Mat Mat Mat Fac Fac Fac Fac Res Arm Used RIF Installer . | . . . . . . . . . . Robots Hacked . | . . . . . . . . . . Non-combat . | . . . . . . . . . . Combat . | . . . . . . . . . . Robot Hacks Applied . | . . . . . . . . . . Relay Couplers Released . | . . . . . . . . . . Robots Rewired . | . . . . . . . . . . Allies Hacked . | . . . . . . . . . . Hacks Repelled . | . . . . . . . . . . Allies | -11 -10 -9 -8 -7 -6 -5 -4 -3 -3 -------- Run | Scr Mat Mat Mat Fac Fac Fac Fac Res Arm Total Allies . | . . . . . . . . . . Largest Group . | . . . . . . . . . . Highest-Rated Group . | . . . . . . . . . . Highest-Rated Ally . | . . . . . . . . . . Total Orders . | . . . . . . . . . . Ally Attacks . | . . . . . . . . . . Total Damage . | . . . . . . . . . . Kills . | . . . . . . . . . . Allies Corrupted . | . . . . . . . . . . Allies Melted . | . . . . . . . . . . Intel | -11 -10 -9 -8 -7 -6 -5 -4 -3 -3 ------- Run | Scr Mat Mat Mat Fac Fac Fac Fac Res Arm Robot Analysis Total 1 | . . . . . . . . . 1 Derelict Logs Recovered . | . . . . . . . . . . Drone Launches . | . . . . . . . . . . Drone Recoveries . | . . . . . . . . . . Exploration | -11 -10 -9 -8 -7 -6 -5 -4 -3 -3 ------------- Run | Scr Mat Mat Mat Fac Fac Fac Fac Res Arm Turns Passed 1077 | 15 18 58 69 129 231 79 169 133 176 Spaces Moved 2760 | 28 36 102 139 331 573 224 484 348 495 Core 223 | 28 36 102 55 . 1 . . 1 . Treads . | . . . . . . . . . . Legs . | . . . . . . . . . . Wheels . | . . . . . . . . . . Hover . | . . . . . . . . . . Flight 2537 | . . . 84 331 572 224 484 347 495 Fastest Speed 29 | 50 50 50 40 35 35 32 32 29 29 Average Speed 35 | 50 50 50 43 36 35 34 34 35 32 Slowest Speed 100 | 50 50 50 50 40 100 35 35 100 35 Overloaded Moves 198 | . . . . . . 23 134 7 34 Propulsion Burnouts . | . . . . . . . . . . Robots Hopped 35 | . . . 3 3 11 2 13 2 1 Cave-ins Triggered . | . . . . . . . . . . Exploration Rate (%) 20 | 3 14 21 18 16 21 13 24 18 55 Regions Visited 9 Branch Regions 1 Pre-discovered Areas . | . . . . . . . . . . Known Exits Taken 7 | . . 1 1 1 1 1 1 1 . Unknown Exits Taken 2 | 1 1 . . . . . . . . Scrap Searched . | . . . . . . . . . . Spaces Dug 4 | . . 1 . . 3 . . . . Terrain Destroyed 4 | . . 1 . . 3 . . . . Melee 3 | . . . . . 3 . . . . Projectile 1 | . . 1 . . . . . . . AOE . | . . . . . . . . . . Actions | -11 -10 -9 -8 -7 -6 -5 -4 -3 -3 --------- Run | Scr Mat Mat Mat Fac Fac Fac Fac Res Arm Total 2789 | 28 35 104 142 335 586 222 475 355 507 Wait 2 | . . . . . . . 1 . 1 Move 2683 | 27 35 101 133 324 550 219 458 343 493 Hop 33 | . . . 2 3 11 2 12 2 1 Pick Up . | . . . . . . . . . . Fast Attach 27 | 1 . 2 4 3 4 1 . 6 6 Attach . | . . . . . . . . . . Detach . | . . . . . . . . . . Swap 4 | . . . 1 1 . . 2 . . Drop 20 | . . . 2 4 3 . 2 4 5 Fire 1 | . . 1 . . . . . . . Melee 4 | . . . . . 3 . . . 1 Ram . | . . . . . . . . . . Kick . | . . . . . . . . . . Crush . | . . . . . . . . . . Escape Stasis 15 | . . . . . 15 . . . . Rewire . | . . . . . . . . . . Trap . | . . . . . . . . . . Miscellaneous . | . . . . . . . . . . Route ------- -11/Scrapyard -10/Materials -9/Materials (discovered 3 exits: *Mat x3) -8/Materials (discovered 3 exits: *Fac x3) -7/Factory (discovered 3 exits: *Fac / *Low x2) -6/Factory (discovered 8 exits: *Fac x4 / Low x2 / *Ext x2) -5/Factory -4/Factory (discovered 6 exits: *Res x4 / Upp x2) -3/Research -3/Armory History --------- Turn | Location | Event 11 | -11/Scrapyard | Discovered new exit (range 12) 16 | -11/Scrapyard | Entered Materials 28 | -10/Materials | Discovered new exit (range 13) 34 | -10/Materials | Entered another Materials area 36 | -9/Materials | Reached level 2 48 | -9/Materials | Identified exit to Materials 92 | -9/Materials | Entered another Materials area 94 | -8/Materials | Reached level 3 105 | -8/Materials | Identified exit to Factory 153 | -8/Materials | Upgraded with Utility slot (x2) 161 | -8/Materials | Entered Factory 163 | -7/Factory | Reached level 4 189 | -7/Factory | Discovered new exit (range 10) 195 | -7/Factory | Identified exit to Lower Caves 223 | -7/Factory | Discovered exit to Lower Caves (range 7) 265 | -7/Factory | Core integrity fell below 50% 281 | -7/Factory | Discovered new exit (range 15) 288 | -7/Factory | Identified exit to Factory 290 | -7/Factory | Entered another Factory area 292 | -6/Factory | Reached level 5 300 | -6/Factory | Identified exit to Factory 314 | -6/Factory | Identified exit to Lower Caves 314 | -6/Factory | Identified exit to Extension 337 | -6/Factory | Build established: Hacker-Mutant 370 | -6/Factory | Upgraded with Utility slot (x1) 378 | -6/Factory | Spotted B-75 Beast 521 | -6/Factory | Entered another Factory area 523 | -5/Factory | Reached level 6 579 | -5/Factory | Core integrity fell below 50% 587 | -5/Factory | Upgraded with Utility slot (x1) 596 | -5/Factory | Discovered new exit (range 16) 600 | -5/Factory | Identified exit to Factory 600 | -5/Factory | Reached level 7 600 | -5/Factory | Entered another Factory area 601 | -4/Factory | Core integrity fell below 50% 602 | -4/Factory | Reached level 8 728 | -4/Factory | Identified exit to Research 728 | -4/Factory | Identified exit to Upper Caves 769 | -4/Factory | Entered Research 770 | -3/Research | Core integrity fell below 50% 771 | -3/Research | Reached level 9 836 | -3/Research | Reached level 10 847 | -3/Research | Found Prototype Device 847 | -3/Research | Identified Exp. Thermal Shield 883 | -3/Research | Upgraded with Propulsion slot (x1) 886 | -3/Research | Upgraded with Utility slot (x1) 900 | -3/Research | Discovered new exit (range 6) 902 | -3/Research | Identified exit to Armory 902 | -3/Research | Entered Armory 1003 | -3/Armory | Core integrity fell below 20% 1039 | -3/Armory | Found Enh. Force Lance 1078 | -3/Armory | Destroyed by Y-72 Warden with Quantum Rifle Last Messages --------------- An upgrade to the C-55 Analyst, Experts possess improved analytical capabilities and a more powerful stasis projector. 00974_ Reinforced Shell breached. 00985_ Packing Station disabled. 00989_ C-30 ARC bursts open, deploying its payload. 00989_ G-73 Enforcer unfolds itself. 00989_ G-67 Veteran unfolds itself. 00995_ E-15 Imp destroyed. 00998_ Acquired Stasis Canceller. 01004_ Dropped Spear. 01005_ Acquired Power Sword. 01008_ S-43 Plague knocked back. 01015_ ALERT: Hostiles spotted, dispatching reinforcements to Terminal A001. 01038_ Dropped Power Sword. 01039_ Acquired Enh. Force Lance. 01040_ Upgraded: Mass Support (+5) 01050_ Upgraded: Core Integrity (+50) 01073_ Transfer Shaft disabled. 01075_ Slug penetrates Wall. 01075_ Slug penetrates Transfer Shaft. Map ----- +----------------------------------------------------+ | ""??# #????????????????????????????????????????" " | | ????#g#????????????????????????????????????????" " | | ????# #???????????????????????????????????????"" " | | ????# #?????????????????????????????????????? | | ????# #???????????????????????????????????# """" " | | ????# #???????????????????????????????????# """" " | | ????# #???????????????????????????????????# """" " | | ????#g#?????????????????????????????????????"""" " | | ????#o#??????????????????????????????????????? | | ????#g#???????????????????????????????????????##+# | | ????# #########???????????????????????????????# | | ?#### ################################# | | ^ g h h s | | ### """ b b Y ! | | ??# x "T" ################################# | | ??# x" " #???????????????????????????????# | | ??# g b #???????????????????????######### | | ??# #??????????????????????? | | ??# """ #?????????????????????? | | ??# """ # "????????????????????? | | ??# """ # "????????????????????????"" """ | | ??# + ??????????????????????????" """ | | ??# #?????bg?????????????BB?????" """ | | ??# """ ###???#######????????BB?????" """ | | ### """ g #???# #########???????" """ | | ##### @ """ """ ! | | Y | | ##### | | ######+### #???#* ###+############ ## | | #?? ####+####??#######??????????????# ?##### | | # # ! #???????????????????????# ??????? | | # # = #???????????????????????#????????? | | # # /! #????????????????????????????????? | | # # ! !#????????????????????????????????? | | =# # / #????????????????????????????????? | | #################????????????????????????????????? | | | | | | | | | | | | | | | | | | | | | | | | | | | | | +----------------------------------------------------+ Best States ------------- Heat Dissipation 25 Energy Generation 21 Energy Capacity 170 Matter Stores 300 Matter Capacity 300 Sight Range 16 Robot Scan Range 40 Terrain Scan Density 10 ECM Strength 3 Phase Shifting 5 Evasion (%) 80 Matter Filtering 50 Stasis Canceling 1 Offensive Hacking 25 Defensive Hacking 25 Item Schematics ----------------- Imp. Flight Unit | -6/Factory | Hacked Adv. Plasma Cannon | -6/Factory | Hacked Matter Compressor | -6/Factory | Hacked Imp. Maneuvering Thrusters | -6/Factory | Hacked Adv. Cloaking Device | -3/Research | Hacked Adv. Variable Charge Gun | -3/Research | Extracted Robot Schematics ------------------ None Fabricated ------------ Nothing Alien Tech Used ----------------- None Achievements -------------- None Challenges ------------ None RPGLIKE | -11 -10 -9 -8 -7 -6 -5 -4 -3 -3 --------- Run | Scr Mat Mat Mat Fac Fac Fac Fac Res Arm Levels Raised 9 | . . 1 1 1 1 2 1 2 . XP Earned 17906 | 3000 100 1675 1722 1845 1931 2036 2132 2180 1285 XP Spent 16310 | 2525 . 500 2700 300 1700 1400 1300 4500 1385 Upgrades 52 | 14 . 1 4 6 2 1 10 12 2 Propulsion Slot 1 | . . . . . . . . 1 . Utility Slot 5 | . . . 2 . 1 1 . 1 . Core Integrity 27 | . . . . 6 . . 10 10 1 Mass Support 3 | 1 . . . . 1 . . . 1 Sensor Range 10 | 10 . . . . . . . . . Hack Attack % 3 | 2 . . 1 . . . . . . Hack Defense % 3 | 1 . 1 1 . . . . . . Protomatter Created . | . . . . . . . . . . Protomatter Decayed . | . . . . . . . . . . Game ------ Seed TerrabombColdSuite Manual? 0 Play Time 00:53:20 Cumulative 452.9 hours Start 2020.01.09 @ 03:03:45 End 2020.01.09 @ 03:56:09 Sessions 1 Manual Loads 0 Difficulty Rogue Special Mode Winter2019/RPGLIKE Game No. 132 Rogue 132 Adventurer 0 Explorer 0 Win Type - Total 1 Types 1/0/0/0/0/0/0 Lore% 69 Gallery% 76 Achievement% 49 Wizard Run 0 Options --------- ASCII 0 Keyboard 0 Movement Arrows Keybinds 0 Fullscreen 1 Font 12/Smallcaps Map View 83x54 Tactical HUD 1 Map Filters NONE Filters NONE Steam 1 RUN: ba0ed28c-9246-42c1-8d02-4846042f2a46